Map: Goldenaura LE

Players

Percival

  • Race: Terran Terran
  • Spawn Location: 5:00

Creator - Winner!

  • Race: Protoss Protoss
  • Spawn Location: 12:00

VOD

Have the link to the VOD?

Description

Time

  • Played on: Aug. 26, 2025, 9:17 a.m.
  • Length: 1:42
Show
View Real Time Build Order
Export as new Build Order

Percival Terran 

Build Orders:  

Get SALT Encoding   

  12  0:00  SCV  
  13  0:12  SCV  
  14  0:17  Supply Depot  
  14  0:24  SCV  
  15  0:38  SCV  
  16  0:45  Barracks  
  16  0:47  Refinery  
  16  0:51  SCV  
  16  0:57  Refinery  
  17  1:03  SCV  
  18  1:16  SCV  
  19  1:30  SCV  
Show
View Real Time Build Order
Export as new Build Order

Creator Protoss - Winner!

Build Orders:  

Get SALT Encoding   

  12  0:00  Probe  
  13  0:12  Probe  
  14  0:17  Pylon  
  14  0:24  Probe  
  15  0:32  Probe  
  15  0:37  Gateway  
  15  0:40  Probe  
  16  0:45  Assimilator  
  17  0:51  Probe  
  18  1:03  Probe  
  19  1:15  Probe  
  20  1:25  Cybernetics Core  
  23  1:33  Pylon  
Tags
 
Add a new tag
Caveats
  • Supply blocks, unpowered buildings, or Contaminate may cause inaccurate times.
  • Supply counts are checked every 10 seconds.